 Dungeon Crawl Stone Soup version 0.29-a0-275-g389c0b56f3 (webtiles) character file.

Game seed: 6828528009923879372

51 epen the Archer (level 3, -2/31 HPs)
             Began as a Gnoll Hunter on Mar 12, 2022.
             Slain by a goblin
             ... wielding a +0 club
             ... led by Robin
              (3 damage)
             ... on level 3 of the Dungeon.
             The game lasted 00:01:35 (1052 turns).

epen the Archer (Gnoll Hunter)                      Turns: 1052, Time: 00:01:36

Health: -2/31      AC:  5    Str: 11    XL:     3   Next: 83%
Magic:  4/4        EV: 12    Int: 10    God:
Gold:   61         SH:  0    Dex: 14    Spells: 4/4 levels left

rFire   . . .      SeeInvis .   a - +1 shortbow (vorpal)
rCold   . . .      Faith    .   (shield currently unavailable)
rNeg    . . .      Spirit   .   k - +0 ring mail
rPois   .          Reflect  .   (no helmet)
rElec   .          Harm     .   (no cloak)
rCorr   .          Rampage  .   (no gloves)
Will    .....                   (no boots)
Stlth   +.........              (no amulet)
HPRegen 0.10/turn               (no ring)
MPRegen 0.09/turn               (no ring)

@: no status effects
A: fangs 1, strong nose, distributed training
a: no special abilities


You were on level 3 of the Dungeon.
You visited 1 branch of the dungeon, and saw 3 of its levels.

You collected 61 gold pieces.

Inventory:

Hand Weapons
 a - a +1 vorpal shortbow (weapon)
 n - a +1 dagger of speed
Armour
 b - a +0 leather armour
 k - a +0 ring mail (worn)
Jewellery
 h - a ring of magical power
 q - a ring of willpower
Scrolls
 c - 2 scrolls of immolation
 d - a scroll of brand weapon
Potions
 f - a potion of might {unknown}
 g - a potion of lignification {unknown}
 i - a potion of flight {unknown}
 j - a potion of heal wounds {unknown}
 l - a potion of berserk rage {unknown}


   Skills:
 + Level 4.6 Fighting
 + Level 1.0 Short Blades
 + Level 1.0 Long Blades
 + Level 1.0 Axes
 + Level 1.0 Maces & Flails
 + Level 1.0 Polearms
 + Level 1.0 Staves
 + Level 1.0 Slings
 + Level 8.5 Bows
 + Level 1.0 Crossbows
 + Level 1.0 Throwing
 + Level 1.0 Armour
 + Level 4.6 Dodging
 + Level 2.4 Stealth
 + Level 1.0 Shields
 + Level 1.0 Unarmed Combat
 + Level 1.0 Spellcasting
 + Level 0.7 Conjurations
 + Level 0.7 Hexes
 + Level 0.7 Summonings
 + Level 0.7 Necromancy
 + Level 0.7 Translocations
 + Level 0.7 Transmutations
 + Level 0.7 Fire Magic
 + Level 0.7 Ice Magic
 + Level 0.7 Air Magic
 + Level 0.7 Earth Magic
 + Level 0.7 Poison Magic
 + Level 1.0 Invocations
 + Level 1.0 Evocations


You had 4 spell levels left.
You didn't know any spells.
Your spell library contained the following spells:

 Spells                   Type           Power      Damage    Failure   Level
 Summon Forest            Summ/Tloc      0%         N/A       100%        5
 Summon Mana Viper        Hex/Summ       1%         N/A       100%        5
 Summon Cactus Giant      Summ           0%         N/A       100%        6


Dungeon Overview and Level Annotations

Branches:
Dungeon (2/15)

Altars:

Portals:
Sewer: D:3

Annotations:
D:3 Robin


Innate Abilities, Weirdness & Mutations

You have very sharp teeth.
Your uncanny sense of smell can sniff out nearby items.
Your experience applies equally to all skills.


Message History

The jackal closely misses you.
You shoot an arrow.
The arrow hits the hobgoblin but does no damage.
The hobgoblin is heavily wounded.
The goblin misses you. The hobgoblin hits you.
Robin says, "Duck!"
The jackal closely misses you.
You shoot an arrow.
The arrow completely misses the hobgoblin.
The jackal barely misses you. The goblin misses you.
The hobgoblin barely misses you.
The jackal bites you but does no damage.
The hobgoblin misses you. The goblin closely misses you.
Robin throws the goblin at you!
You shoot an arrow. The arrow barely misses the hobgoblin.
The jackal closely misses you. The goblin misses you.
The hobgoblin hits you but does no damage.
The goblin barely misses you.
Robin roars a battlecry!
The goblins go into a battle-frenzy!
The jackal bites you.
You shoot an arrow. The arrow barely misses the hobgoblin.
The jackal misses you.
A goblin opens the door.
The goblin hits you with a +0 club. The hobgoblin misses you.
The goblin hits you but does no damage. The jackal misses you.
You shoot an arrow. The arrow barely misses the hobgoblin.
The goblin hits you with a +0 club. The hobgoblin barely misses you.
The goblin misses you. Robin throws the goblin at you! The jackal bites you.
You shoot an arrow. The arrow closely misses the hobgoblin.
The jackal bites you. The goblin closely misses you.
The goblin hits you with a +0 club. x2
* * * LOW HITPOINT WARNING * * *
The hobgoblin hits you.
* * * LOW HITPOINT WARNING * * *
The jackal bites you.
* * * LOW HITPOINT WARNING * * *
Robin throws the goblin at you!
The hobgoblin hits you but does no damage.
The goblin hits you with a +0 club.
You die...

***,* *,,,,,,,,,,* #######
***,******##....#####.##*##.....#
,,,,,,,,,,,.....#≈≈≈#...,,.......
*,*,****#.**....#≈≈≈#.#***#......
*,,,****#.**,...#≈∩≈#.# #......
****,,,,#.#*,,..#≈≈≈#.## #......
***#$...#.#**##.#BS≈#..# #..§§§§
,,,#....#.####.g##B##..# #..§§§.
**,*....#....#.g@gg....#* #..§§§§
#,*,...#......ggh..[...* #......
#.**#.##..######ggg.##.* ######.
#.###.##..# *g...#*,** *,,,.
#......#..# *†..)#*,,* *,,,.
**#.......# *....#**,* *,,,,
#..#.##.# *.....,,,** *,,,,
#..#....# *......,,,***,,,,
#..###### *,,,,,,,,,*,,,,,,


You could see Robin, an adder, a jackal, 2 giant cockroaches, 2 hobgoblins and 7
goblins.

Vanquished Creatures
  An adder (D:3)
  A dart slug (D:2)
  4 bats
  3 endoplasms
  2 giant cockroaches
  6 goblins
  3 hobgoblins
  2 jackals (D:3)
  2 quokkas (D:1)
  6 ball pythons
  A frilled lizard (D:1)
  A kobold (D:1)
  3 rats
35 creatures vanquished.

Vanquished Creatures (others)
  10 plants (D:2)
10 creatures vanquished.

Grand Total: 45 creatures vanquished

Notes
Turn   | Place    | Note
-------+----------+-------------------------------------------
     0 | D:1      | epen the Gnoll Hunter began the quest for the Orb.
     0 | D:1      | Reached XP level 1. HP: 20/20 MP: 1/1
   333 | D:1      | Reached XP level 2. HP: 26/26 MP: 2/2
   715 | D:2      | Reached XP level 3. HP: 31/31 MP: 3/3
   987 | D:2      | You fall into a shaft and drop 1 floor!
   999 | D:3      | Reached skill level 1 in Invocations
  1034 | D:3      | Found a glowing drain.
  1044 | D:3      | Reached skill level 1 in Short Blades
  1044 | D:3      | Reached skill level 1 in Long Blades
  1044 | D:3      | Reached skill level 1 in Axes
  1044 | D:3      | Reached skill level 1 in Maces & Flails
  1044 | D:3      | Reached skill level 1 in Polearms
  1044 | D:3      | Reached skill level 1 in Staves
  1044 | D:3      | Reached skill level 1 in Slings
  1044 | D:3      | Reached skill level 1 in Crossbows
  1044 | D:3      | Reached skill level 1 in Throwing
  1044 | D:3      | Reached skill level 1 in Armour
  1044 | D:3      | Reached skill level 1 in Shields
  1044 | D:3      | Reached skill level 1 in Unarmed Combat
  1044 | D:3      | Reached skill level 1 in Spellcasting
  1044 | D:3      | Reached skill level 1 in Evocations
  1044 | D:3      | Noticed Robin
  1052 | D:3      | HP: 1/31 [jackal (2)]
  1052 | D:3      | Slain by a goblin

Illustrated notes

Levels and vault maps discovered:
D:1:      scummos_arrival_simple_fountains, layout_loops_ring
D:2:      wad_lake_hut, layout_loops_ring, minmay_surrounded
D:3:      layout_basic, gup_sewer_entry_glass, uniq_robin

Skill      XL: |  1  2  3 |
---------------+----------+-----
Invocations    | 1 |  1.0
Short Blades   | 1 |  1.0
Long Blades    | 1 |  1.0
Axes           | 1 |  1.0
Maces & Flails | 1 |  1.0
Polearms       | 1 |  1.0
Staves         | 1 |  1.0
Slings         | 1 |  1.0
Crossbows      | 1 |  1.0
Throwing       | 1 |  1.0
Armour         | 1 |  1.0
Shields        | 1 |  1.0
Unarmed Combat | 1 |  1.0
Spellcasting   | 1 |  1.0
Evocations     | 1 |  1.0
Fighting       | |  4.6
Bows           | |  8.5
Dodging        | |  4.6
Stealth        | |  2.4
Conjurations   | |  0.7
Hexes          | |  0.7
Summonings     | |  0.7
Necromancy     | |  0.7
Translocations | |  0.7
Transmutations | |  0.7
Fire Magic     | |  0.7
Ice Magic      | |  0.7
Air Magic      | |  0.7
Earth Magic    | |  0.7
Poison Magic   | |  0.7

Action                   || total
-------------------------++-------
 Fire: Shortbow          ||    79
  Use: Scroll            ||     5
Armor: Leather armour    ||     2
       Ring mail         ||    16
Dodge: Dodged            ||    50

Table legend: (Time is in decaauts)
 A = Elapsed time spent in this place.
 B = Non-inter-level travel time spent in this place.
 C = Inter-level travel time spent in this place.
 D = Time resting spent in this place.
 E = Time spent auto-exploring this place.
 F = Levels seen in this place.
 G = Mean time per level.
                   A        B        C        D        E       F      G
               +--------+--------+--------+--------+--------+-----+--------+
         Total |   1105 |   1062 |     43 |      0 |    857 |   3 |  368.3 |
       Dungeon |   1105 |   1062 |     43 |      0 |    857 |   3 |  368.3 |
               +--------+--------+--------+--------+--------+-----+--------+

Top non-repeatable levels by time:
     D:1: 623 daAuts
     D:2: 411 daAuts
     D:3: 70 daAuts
